Map: Cryptic Fortress

Players

GeneralRoque

  • Race: Zerg Zerg
  • Spawn Location: 12:00

Jonatna

  • Race: Terran Terran
  • League: Bronze
  • Spawn Location: 12:00

ENOK

  • Race: Zerg Zerg
  • Spawn Location: 3:00

Grumm

  • Race: Zerg Zerg
  • League: Gold
  • Spawn Location: 9:00

lllllll

  • Race: Protoss Protoss
  • Spawn Location: 6:00

Mudkipith

  • Race: Zerg Zerg
  • League: Silver
  • Spawn Location: 7:00

Piukante

  • Race: Protoss Protoss
  • Spawn Location: 5:00

Rulz

  • Race: Zerg Zerg
  • League: Silver
  • Spawn Location: 6:00

VOD

Have the link to the VOD?

Description

Time

  • Played on: Jan. 11, 2016, 8:34 p.m.
  • Length: 11:39
Show
View Real Time Build Order
Export as new Build Order

GeneralRoque Zerg 

Build Orders: Pool First 

Get SALT Encoding   

  12  0:03  Drone  
  13  0:23  Drone  
  14  0:34  Overlord  
  14  0:36  Overlord  
  14  0:59  Spawning Pool  
  14  1:03  Drone  
  14  1:04  Drone x2  
  15  1:24  Drone  
  16  1:26  Extractor  
  15  1:35  Overlord  
  15  1:46  Queen  
  17  1:54  Zergling x4  
  19  2:03  Zergling x2  
  20  2:34  Zergling x4, Overlord  
  20  3:02  Zergling x4  
  20  3:40  Metabolic Boost  
  20  3:43  Zergling x2  
  20  3:44  Zergling x6  
  21  4:06  Extractor  
  20  4:11  Spore Crawler  
  20  4:15  Spore Crawler  
  18  4:44  Drone x3  
  21  5:01  Drone  
  21  5:02  Hatchery  
  21  5:04  Lair  
  21  5:37  Drone x4  
  25  6:06  Drone x3  
  25  6:07  Nydus Network  
  27  6:22  Drone  
  28  6:39  Queen  
  28  6:41  Drone x3  
  33  6:48  Drone x2  
  33  6:49  Drone  
  36  6:55  Spore Crawler  
  36  6:59  Spore Crawler  
  34  7:05  Drone x2  
  36  7:14  Hydralisk Den  
  36  7:15  Drone x2  
  38  7:24  Hydralisk Den  
  37  7:41  Drone  
  37  7:42  Drone x2  
  40  7:58  Evolution Chamber x2  
  39  8:00  Drone x4  
  39  8:03  Overlord  
  42  8:08  Extractor  
  42  8:09  Extractor  
  40  8:34  Hatchery  
  39  8:36  Hydralisk  
  39  8:37  Hydralisk x2  
  45  8:46  Zerg Missile Weapons Level 1  
  45  8:47  Zerg Ground Armor Level 1  
  45  9:14  Overlord x4  
  45  9:20  Overseer  
  45  9:24  Overseer  
  45  9:30  Hydralisk x4  
  45  9:31  Hydralisk x3  
  59  9:57  Roach Warren  
  58  10:09  Drone  
  58  10:10  Drone x2  
  61  10:17  Drone x3  
  64  10:26  Queen  
  66  11:05  Hydralisk x3  
  66  11:06  Hydralisk x2  
Show
View Real Time Build Order
Export as new Build Order

Jonatna Terran 

Build Orders:  

Get SALT Encoding   

  12  0:03  SCV  
  13  0:18  Supply Depot  
  13  0:19  SCV  
  14  0:31  SCV  
  15  0:43  Barracks  
  15  0:44  SCV  
  16  0:55  Refinery  
  16  0:56  SCV  
  17  1:08  SCV  
  18  1:20  SCV  
  19  1:31  Supply Depot  
  20  1:36  Orbital Command  
  19  1:54  Reaper  
  19  1:59  Barracks  
  20  2:04  SCV  
  21  2:16  Refinery, SCV  
  22  2:28  SCV  
  23  2:40  SCV  
  24  3:15  Marine  
  24  3:16  Marine  
  26  3:29  Factory  
  26  3:31  SCV  
  26  3:33  Marine x2  
  29  3:35  Command Center  
  29  3:43  SCV  
  30  3:51  Marine  
  31  4:32  Factory Tech Lab  
  31  4:38  Factory  
  31  4:46  Marine  
  31  4:47  Supply Depot  
  31  4:49  Supply Depot  
  31  4:50  Supply Depot  
  32  5:03  Marine  
  33  5:21  Marine  
  33  5:28  Siege Tank  
  37  5:29  Factory Tech Lab  
  37  5:39  Marine  
  38  5:57  Marine  
  38  6:00  Siege Tank  
  38  6:02  Supply Depot  
  42  6:25  Supply Depot  
  42  6:32  Siege Tank  
  44  6:39  Starport  
  44  6:48  Supply Depot  
  44  6:51  Armory  
  44  7:04  Siege Tank  
  47  7:15  Starport  
  47  7:17  Medivac  
  47  7:21  Marine  
  47  7:22  Marine  
  51  7:39  Marine  
  51  7:40  Marine  
  53  7:57  Marine  
  55  8:15  Marine  
  55  8:24  Barracks Tech Lab  
  55  8:33  Marine  
  56  8:44  SCV  
  57  8:51  Marine  
  58  8:56  Medivac x2, SCV  
  63  9:03  Terran Vehicle And Ship Armor Level 1  
  63  9:08  Marine, SCV  
  65  9:20  SCV  
  66  9:26  Medivac x2  
  70  9:33  SCV  
  71  10:33  SCV  
  72  10:39  Liberator  
  72  10:44  Widow Mine x2  
  72  10:46  SCV  
  83  10:58  SCV  
  84  11:10  SCV  
Show
View Real Time Build Order
Export as new Build Order

ENOK Zerg 

Build Orders: Pool First 

Get SALT Encoding   

  12  0:04  Drone  
  13  0:25  Drone  
  13  0:28  Overlord  
  14  1:08  Spawning Pool  
  13  1:34  Drone x3  
  16  1:50  Overlord  
  16  1:58  Extractor  
  15  2:02  Extractor  
  15  2:06  Drone  
  15  2:21  Drone x2  
  17  2:44  Drone x2  
  19  3:04  Roach Warren  
  18  3:08  Queen  
  20  3:20  Drone x3  
  23  3:36  Spine Crawler  
  23  3:37  Spine Crawler  
  23  3:39  Spine Crawler  
  20  3:44  Spine Crawler  
  20  3:45  Lair, Spine Crawler  
  20  3:46  Spine Crawler  
  7  4:37  Spore Crawler  
  5  4:42  Spore Crawler  
  5  4:45  Drone x3  
  7  4:47  Queen  
  8  5:12  Drone x2  
  10  6:12  Spore Crawler x2  
  10  6:14  Spore Crawler  
  10  6:18  Hatchery  
  6  6:21  Hatchery  
  5  7:06  Drone  
  5  7:07  Drone x2  
  8  7:46  Drone x2  
  8  7:47  Drone x2  
  12  8:09  Drone x2  
  14  8:59  Drone x5  
  14  9:00  Drone  
  20  9:03  Drone x2  
  20  9:04  Drone  
  23  9:15  Drone  
  23  9:16  Drone  
  25  9:17  Drone  
  26  9:33  Spire  
  25  9:45  Drone x4  
  28  9:46  Drone  
  30  10:20  Drone x2  
  30  10:21  Drone  
  33  10:24  Drone x3  
  36  10:50  Drone x2  
  38  11:00  Infestation Pit  
  38  11:02  Drone x5  
  42  11:06  Overlord x2  
  42  11:09  Overlord x3  
Show
View Real Time Build Order
Export as new Build Order

Grumm Zerg 

Build Orders: Pool First 

Get SALT Encoding   

  12  0:03  Drone  
  13  0:08  Drone  
  14  0:23  Overlord  
  14  0:36  Spawning Pool  
  14  0:37  Drone  
  14  0:50  Drone x3  
  17  0:59  Extractor  
  17  1:00  Extractor  
  17  1:01  Drone  
  16  1:23  Queen  
  18  1:27  Drone x2  
  20  1:37  Drone  
  21  1:51  Evolution Chamber  
  21  1:54  Drone  
  21  2:10  Zergling x2  
  22  2:20  Lair  
  22  2:48  Hatchery  
  20  2:56  Spine Crawler  
  19  2:59  Evolution Chamber  
  18  3:05  Evolution Chamber  
  10  3:23  Drone x6  
  10  3:27  Zerg Melee Weapons Level 1  
  16  4:00  Zergling x2  
  16  4:01  Zergling x8  
  21  4:03  Nydus Network  
  21  4:06  Drone  
  21  4:39  Spine Crawler  
  21  4:45  Spine Crawler  
  19  4:46  Zergling x6  
  22  4:59  Overlord  
  22  5:17  Queen  
  22  5:20  Zergling x8  
  28  5:33  Nydus Canal  
  28  5:45  Drone x2  
  28  5:47  Overlord  
  19  6:29  Hydralisk Den  
  18  6:44  Spine Crawler  
  17  6:47  Drone  
  17  6:48  Drone x2  
  17  6:50  Metabolic Boost  
  20  7:02  Hydralisk  
  22  7:14  Hydralisk  
  24  7:32  Hydralisk x2  
  28  8:15  Overlord  
  28  8:16  Hydralisk x5  
  38  8:45  Overseer  
  38  8:48  Zergling x2  
  38  8:49  Zergling x2  
  40  9:07  Nydus Canal  
  40  9:12  Zergling x6  
  20  10:10  Hydralisk  
  20  10:11  Hydralisk x5  
  32  10:50  Hatchery  
  29  11:04  Hydralisk  
Show
View Real Time Build Order
Export as new Build Order

lllllll Protoss 

Build Orders: Cannon Rush 

Get SALT Encoding   

  12  0:03  Probe (Chrono Boost)  
  13  0:13  Probe (Chrono Boost)  
  14  0:20  Pylon  
  14  0:39  Forge  
  13  1:32  Pylon  
  13  1:39  Photon Cannon  
  13  1:41  Photon Cannon  
  13  1:51  Photon Cannon  
  13  1:53  Photon Cannon  
  13  2:11  Pylon  
  13  2:14  Probe (Chrono Boost)  
  14  2:21  Photon Cannon  
  14  2:25  Probe (Chrono Boost)  
  14  2:39  Photon Cannon  
  14  2:43  Photon Cannon  
  14  2:49  Probe (Chrono Boost)  
  15  3:00  Probe (Chrono Boost)  
  16  3:05  Pylon  
  16  3:17  Pylon  
  16  3:23  Probe (Chrono Boost)  
  17  3:34  Probe (Chrono Boost)  
  18  3:36  Photon Cannon  
  18  3:37  Photon Cannon  
  18  3:44  Photon Cannon  
  18  4:08  Pylon  
  18  4:14  Pylon  
  18  4:28  Photon Cannon  
  18  4:30  Photon Cannon  
  18  4:36  Photon Cannon  
  18  4:40  Pylon  
  18  4:47  Photon Cannon  
  18  5:20  Photon Cannon  
  18  5:21  Photon Cannon  
  18  5:31  Probe (Chrono Boost)  
  18  5:42  Probe (Chrono Boost)  
  19  5:51  Nexus  
  19  6:39  Probe (Chrono Boost)  
  20  6:45  Pylon  
  20  6:50  Probe (Chrono Boost)  
  21  7:00  Probe (Chrono Boost)  
  22  7:11  Probe (Chrono Boost), Photon Cannon  
  23  7:22  Probe (Chrono Boost)  
  24  7:57  Probe (Chrono Boost)  
  25  8:03  Assimilator  
  25  8:07  Assimilator, Probe (Chrono Boost)  
  26  8:18  Probe (Chrono Boost)  
  27  8:24  Photon Cannon  
  27  8:28  Probe (Chrono Boost), Photon Cannon  
  27  8:32  Photon Cannon  
  27  8:34  Photon Cannon  
  28  8:39  Probe (Chrono Boost)  
  28  8:40  Photon Cannon  
  29  8:41  Photon Cannon  
  29  8:48  Pylon  
  29  8:53  Pylon  
  29  8:58  Photon Cannon  
  29  9:05  Assimilator  
  29  9:11  Assimilator  
  29  9:26  Probe (Chrono Boost)  
  30  9:31  Pylon  
  30  9:36  Probe (Chrono Boost)  
  31  9:47  Probe (Chrono Boost)  
  32  9:57  Probe (Chrono Boost)  
  33  10:30  Photon Cannon  
  33  10:31  Photon Cannon  
  33  10:34  Photon Cannon  
  33  10:39  Photon Cannon  
  33  10:41  Photon Cannon  
  33  10:48  Photon Cannon  
  33  10:49  Photon Cannon  
  33  10:52  Photon Cannon  
  33  10:53  Photon Cannon  
  33  10:55  Photon Cannon  
  33  10:57  Photon Cannon  
  33  10:59  Photon Cannon  
  33  11:02  Photon Cannon  
Show
View Real Time Build Order
Export as new Build Order

Mudkipith Zerg 

Build Orders: Pool First, Zergling Baneling 

Get SALT Encoding   

  12  0:01  Drone  
  13  0:13  Overlord  
  13  0:32  Spawning Pool  
  13  0:34  Drone  
  13  0:38  Extractor  
  13  0:41  Drone  
  13  0:46  Drone  
  14  0:50  Drone  
  15  1:01  Drone  
  16  1:22  Queen  
  18  1:28  Drone, Baneling Nest  
  18  1:30  Zergling x2  
  18  1:32  Zergling x2  
  20  1:42  Zergling x2  
  21  1:50  Zergling x2  
  22  2:11  Baneling x5  
  22  2:14  Overlord  
  22  2:15  Overlord  
  22  2:33  Overlord  
  22  2:45  Metabolic Boost  
  22  2:49  Zergling x2  
  22  2:50  Zergling x4  
  22  3:18  Zergling x2  
  22  3:19  Zergling x8  
  26  3:25  Queen  
  26  3:26  Evolution Chamber  
  27  3:35  Zergling x2  
  28  3:57  Drone  
  28  3:58  Zergling x2  
  28  3:59  Drone  
  28  4:01  Hatchery  
  30  4:06  Zergling x2  
  31  4:14  Zerg Melee Weapons Level 1  
  31  4:26  Lair  
  31  4:44  Baneling x3  
  31  4:45  Baneling x2  
  31  5:14  Zergling x2  
  31  5:15  Zergling x16  
  40  5:25  Queen  
  39  5:57  Zergling x6  
  39  5:58  Zergling x10  
  21  6:26  Drone  
  11  7:28  Drone  
  11  8:13  Drone  
  12  8:26  Drone  
  13  9:11  Drone x2  
  13  9:12  Drone  
  16  9:35  Drone x2  
  16  10:12  Drone  
  16  10:13  Drone, Spawning Pool  
  17  10:20  Drone  
  18  10:34  Drone x2  
  20  10:40  Drone  
  21  10:43  Drone  
  21  10:47  Drone  
  23  10:57  Drone  
  23  10:58  Drone  
  25  11:25  Hatchery  
Show
View Real Time Build Order
Export as new Build Order

Piukante Protoss 

Build Orders: Oracle Opening 

Get SALT Encoding   

  12  0:13  Pylon  
  12  0:20  Probe (Chrono Boost)  
  13  0:32  Gateway  
  13  0:35  Probe (Chrono Boost)  
  14  0:45  Probe (Chrono Boost)  
  14  0:47  Assimilator  
  15  0:52  Assimilator  
  15  0:56  Probe (Chrono Boost)  
  16  1:06  Probe (Chrono Boost)  
  17  1:17  Probe (Chrono Boost)  
  18  1:20  Cybernetics Core  
  18  1:35  Probe (Chrono Boost)  
  19  1:43  Pylon  
  19  1:46  Probe (Chrono Boost)  
  20  1:52  Forge  
  20  1:56  Probe (Chrono Boost)  
  21  2:02  Stargate  
  22  2:08  Probe (Chrono Boost)  
  22  2:27  Photon Cannon  
  22  2:34  Photon Cannon  
  22  3:18  Oracle (Chrono Boost)  
  25  3:27  Nexus  
  25  3:33  Pylon  
  25  3:35  Pylon  
  25  3:37  Pylon  
  25  3:57  Photon Cannon  
  25  3:59  Photon Cannon  
  25  4:05  Void Ray (Chrono Boost)  
  29  4:49  Void Ray (Chrono Boost)  
  33  4:56  Stargate  
  29  5:16  Probe  
  30  5:24  Probe  
  30  5:26  Void Ray (Chrono Boost)  
  30  5:27  Probe  
  36  5:36  Probe  
  36  5:37  Probe  
  38  5:48  Probe x2  
  40  5:58  Probe  
  40  6:00  Probe  
  42  6:12  Probe  
  43  6:44  Probe  
  44  6:52  Assimilator  
  44  6:54  Probe  
  44  6:56  Assimilator  
  45  7:05  Probe, Nexus  
  45  7:08  Assimilator  
  46  7:11  Assimilator  
  46  7:13  Pylon  
  46  7:14  Void Ray (Chrono Boost)  
  54  7:15  Pylon, Probe  
  54  7:18  Pylon  
  54  7:20  Void Ray (Chrono Boost)  
  54  7:21  Stargate  
  54  7:22  Stargate  
  55  7:26  Probe  
  55  7:33  Probe  
  55  7:36  Probe  
  57  7:45  Probe  
  57  7:47  Probe  
  59  7:55  Void Ray (Chrono Boost)  
  59  7:57  Probe x2  
  65  8:08  Probe  
  65  8:09  Probe  
  67  8:14  Pylon  
  67  8:16  Pylon  
  67  8:17  Pylon  
  67  8:18  Probe  
  67  8:21  Probe  
  69  8:29  Probe  
  69  8:33  Probe  
  71  8:36  Void Ray (Chrono Boost)  
  71  8:40  Probe  
  79  8:42  Void Ray (Chrono Boost)  
  79  8:45  Probe  
  85  8:50  Probe  
  85  8:51  Void Ray (Chrono Boost)  
  90  8:57  Probe  
  90  8:59  Void Ray (Chrono Boost)  
  90  9:01  Probe  
  93  9:10  Probe  
  93  9:14  Void Ray (Chrono Boost)  
  101  9:26  Void Ray (Chrono Boost)  
  101  9:44  Void Ray (Chrono Boost)  
  109  9:46  Void Ray (Chrono Boost)  
  117  10:07  Void Ray (Chrono Boost)  
  117  10:12  Void Ray (Chrono Boost)  
  114  10:35  Void Ray (Chrono Boost)  
  122  10:38  Void Ray (Chrono Boost)  
  122  10:59  Void Ray (Chrono Boost)  
  122  11:00  Void Ray (Chrono Boost)  
  130  11:07  Pylon  
  130  11:08  Pylon  
  130  11:09  Pylon  
  130  11:11  Pylon  
  130  11:12  Pylon  
  130  11:14  Pylon  
  130  11:15  Pylon  
  130  11:17  Pylon  
Show
View Real Time Build Order
Export as new Build Order

Rulz Zerg 

Build Orders: Pool First 

Get SALT Encoding   

  12  0:02  Drone  
  13  0:14  Overlord  
  13  0:22  Drone  
  14  0:35  Drone x2  
  16  0:42  Drone  
  17  0:51  Spawning Pool  
  17  0:53  Drone  
  17  0:59  Extractor  
  17  1:00  Drone  
  17  1:23  Hatchery  
  16  1:28  Drone x2  
  18  1:34  Drone  
  19  1:42  Queen  
  21  1:58  Zergling x2  
  22  2:14  Overlord x2  
  22  2:17  Metabolic Boost  
  22  2:37  Zergling x8  
  26  2:53  Drone  
  26  2:54  Queen  
  29  3:02  Roach Warren  
  29  3:05  Drone x3  
  31  3:30  Spine Crawler  
  30  3:58  Roach x2  
  30  3:59  Roach  
  30  4:00  Overlord  
  30  4:01  Overlord  
  36  4:04  Extractor  
  35  4:28  Zergling x4  
  35  4:29  Zergling x18  
  46  4:48  Hatchery  
  44  5:25  Lair  
  44  5:28  Drone x6  
  48  5:31  Drone  
  48  5:33  Overlord x2  
  51  6:05  Roach x3  
  51  6:06  Roach x5  
  51  6:07  Roach x3  
  73  6:38  Spire  
  73  6:39  Drone  
  74  6:40  Drone  
  74  6:42  Overlord  
  74  6:43  Overlord x4  
  74  6:45  Overseer  
  74  6:46  Overseer x2  
  74  6:56  Spore Crawler  
  73  7:05  Evolution Chamber  
  72  7:09  Evolution Chamber  
  72  7:13  Queen  
  73  7:33  Drone x5  
  73  7:34  Drone  
  73  7:35  Drone x3  
  73  7:36  Drone  
  83  7:45  Roach  
  83  7:46  Roach x6  
  83  7:47  Roach  
  99  7:54  Extractor  
  99  7:56  Extractor  
  99  7:57  Queen  
  99  7:58  Drone x2  
  101  8:00  Extractor  
  101  8:03  Extractor  
  101  8:04  Drone  
  100  8:22  Zerg Flyer Weapons Level 1  
  100  8:24  Drone  
  100  8:25  Drone  
  102  8:31  Drone x3  
  105  8:37  Drone  
  105  8:38  Drone x2  
  105  8:41  Zerg Melee Weapons Level 1  
  108  8:42  Zerg Ground Armor Level 1  
  108  8:48  Drone x2  
  110  9:02  Drone x4  
  114  9:14  Overlord x4  
  114  9:15  Overlord  
  101  10:12  Mutalisk  
  101  10:13  Mutalisk x6  
  101  10:14  Mutalisk x6  
  113  10:15  Mutalisk x4  
  135  10:47  Hatchery  
Tags
 
Add a new tag
Caveats
  • Supply blocks, unpowered buildings, or Contaminate may cause inaccurate times.
  • Supply counts are checked every 10 seconds.